 Dungeon Crawl Stone Soup version 0.23.2-1-ga50397a6bc (webtiles) character file.

Game seed: 18076596003300232029

18844 Gargoyl the Envoy of Void (level 12, -5/100 HPs)
             Began as a Centaur Abyssal Knight on Apr 25, 2019.
             Was a High Priest of Lugonu.
             Slain by a death knight
             ... wielding a +0 battleaxe
              (21 damage)
             ... on level 13 of the Dungeon.
             The game lasted 00:30:27 (19095 turns).

Gargoyl the Envoy of Void (Centaur Abyssal Knight) Turns: 19095, Time: 00:30:28

Health: -5/100     AC: 17    Str: 19    XL:     12   Next: 31%
Magic:  15/19      EV: 10    Int: 11    God:    Lugonu [*****.]
Gold:   489        SH:  0    Dex: 12    Spells: 11/11 levels left

rFire    + . .     SeeInvis .   a - +3 hand axe
rCold    . . .     Gourm    .   (no shield)
rNeg     . . .     Faith    .   y - +2 scale mail {rF+}
rPois    .         Spirit   .   d - +2 helmet
rElec    +         Reflect  .   (no cloak)
rCorr    .         Harm     .   A - +2 pair of gloves {archery}
MR       .....                  (no barding)
Stlth    ..........             (no amulet)
HPRegen  0.26/turn              h - +6 ring of slaying
MPRegen  0.16/turn              o - ring "Maloon" {rElec Str+2}

@: barbed spikes, lightly drained, very quick
A: large, hooves 3, deformed body, speed 2, tough skin 3
a: Depart the Abyss, Bend Space, Banish, Corrupt, Enter the Abyss, Renounce
Religion


You were on level 13 of the Dungeon.
You worshipped Lugonu.
Lugonu was extremely pleased with you.
You were not hungry.

You visited 1 branch of the dungeon, and saw 13 of its levels.
You visited the Abyss 1 time.
You also visited: Ossuary.

You collected 790 gold pieces.
You spent 301 gold pieces at shops.

Inventory:

Hand Weapons
 a - a +3 hand axe (weapon)
 q - a +2 shortbow of flaming
Missiles
 m - 5 javelins of returning (quivered)
 z - 53 arrows
Armour
 d - a +2 helmet (worn)
 y - a +2 scale mail of fire resistance (worn)
 A - a +2 pair of gloves of archery (worn)
Jewellery
 h - a +6 ring of slaying (left hand)
 o - the ring "Maloon" (right hand) {rElec Str+2}
   (You bought it in a shop on level 8 of the Dungeon)

   [ring of strength]

   It affects your strength (+2).
   It insulates you from electricity.
 t - an uncursed ring of protection from fire
Wands
 b - a wand of enslavement (6)
 s - a wand of polymorph (23)
 B - a wand of flame (19)
Scrolls
 e - 8 scrolls of identify
 k - 4 scrolls of blinking
 l - 9 scrolls of remove curse
 r - 5 scrolls of teleportation
 D - 2 scrolls of random uselessness
Potions
 g - 6 potions of curing
 i - 3 potions of brilliance
 j - a potion of invisibility
 n - 3 potions of flight
 p - 2 potions of haste
 u - a potion of lignification
 v - a potion of berserk rage
 x - a potion of ambrosia {unknown}
Comestibles
 c - 15 rations


   Skills:
 + Level 7.3 Fighting
 + Level 9.3 Axes
 + Level 5.2 Bows
 + Level 2.6(2.5) Throwing
 * Level 8.9 Armour
 * Level 5.8 Dodging
 * Level 9.4(9.3) Invocations
 + Level 0.6 Evocations


You had 11 spell levels left.
You didn't know any spells.
Your spell library contained the following spells:

 Spells                   Type           Power        Failure   Level  Hunger
 Animate Skeleton         Necr           N/A          65%         1    ##.....
 Pain                     Necr           #...         65%         1    ##.....
 Ensorcelled Hibernation  Hex/Ice        #.....       80%         2    ###....
 Regeneration             Chrm/Necr      #.........   95%         3    ####...
 Vampiric Draining        Necr           #.........   95%         3    ####...
 Animate Dead             Necr           N/A          100%        4    #####..
 Borgnjor's Vile Clutch   Necr/Erth      #.........   100%        5    ######.
 Silence                  Hex/Air        #.........   100%        5    ######.
 Darkness                 Hex            #.........   100%        6    #######
 Shadow Creatures         Summ           N/A          100%        6    #######


Dungeon Overview and Level Annotations

Branches:
Dungeon (13/15)            Temple (0/1) D:5            Lair (0/6) D:9
    Orc (0/2) D:11
 Vaults: D:13-14

Altars:
Cheibriados
Dithmenos
Fedhas
Gozag
Makhleb
Ru
Sif Muna
Wu Jian
Yredelemnul
Zin

Shops:
D:8 =   D:11 *

Annotations:
D:7 4 runed translucent doors


Innate Abilities, Weirdness & Mutations

You have hooves in place of feet.
Armour fits poorly on your strangely shaped body.
You cover ground very quickly.
You have extremely tough skin. (AC +3)


Message History

Aim: a death knight, wielding a +0 battleaxe and wearing a +0 chain mail (lightly wounded, chance to defeat MR: 39%)
Okay, then.
You hit the death knight but do no damage.
The death knight is lightly wounded.
The death knight hits you with a +0 battleaxe!
Press: ? - help, Shift-Dir - straight line, f - manticore
Aim: a manticore (chance to defeat MR: 73%)
The manticore struggles to resist.
You feel somewhat more hungry.
The death knight hits you with a +0 battleaxe!
* * * LOW HITPOINT WARNING * * *
The manticore bites you!
* * * LOW HITPOINT WARNING * * *
The manticore claws you but does no damage.
The manticore claws you.
* * * LOW HITPOINT WARNING * * *
You fail to use your ability.
The manticore misses you. The manticore barely misses you.
The manticore claws you but does no damage.
The death knight hits you with a +0 battleaxe!!
You die...

..............# #...(...#
..........).).#####.......#
............))).).#.......#
.............†###)#........
#.............# #.#)......#
#.............# #...).....#
##########'#### ###.......#
#..# ####.#### #@.# .# #pH#
# #..# #.....#..#
#.....#..# #.....'..# #....
'..# #######..# ... ....


You could see a death knight and a manticore.

Vanquished Creatures
  A two-headed ogre (D:12)
  3 skeletal warriors
  2 lindwurms (D:12)
  2 ugly things (D:11)
  A deep elf mage (D:13)
  2 centaur zombies
  A gargoyle (D:8)
  3 centaur skeletons (D:10)
  Prince Ribbit (D:7)
  5 trolls
  Grinder (D:6)
  6 hippogriffs
  A shadow (D:12)
  A water elemental (D:12)
  Eustachio (D:5)
  A yak (shapeshifter) (D:9)
  9 yaks
  3 hogs (D:7)
  2 wyverns
  A human (D:7)
  A hungry ghost (D:8)
  Menkaure (D:7)
  Duvessa (D:6)
  A water moccasin (D:7)
  An acid dragon (D:13)
  6 sky beasts
  5 orc warriors
  An eye of draining (D:13)
  A necrophage (D:6)
  3 ice beasts
  A centaur (D:10)
  4 ogres
  A gnoll sergeant (D:10)
  10 bullfrogs
  2 water moccasin zombies
  A hornet simulacrum (D:13)
  Dowan (D:6)
  6 scorpions
  5 electric eels (D:12)
  9 crimson imps
  2 bullfrog zombies
  2 bullfrog skeletons
  4 hounds
  12 orc priests
  6 jellies
  12 orc wizards
  Crazy Yiuf (D:3)
  Natasha (thrice) (D:3)
  6 worker ants
  5 big kobold zombies (Ossuary)
  A hound skeleton (D:8)
  2 mummies
  A worker ant zombie (D:6)
  8 gnolls
  2 howler monkey zombies
  5 adders
  An adder zombie (D:9)
  An adder skeleton (D:5)
  4 worms
  5 leopard geckos
  41 orcs
  3 spectral bats (Ossuary)
  A ball python (D:3)
  7 bats
  4 giant cockroaches
  3 goblins
  9 hobgoblins
  8 jackals
  6 kobolds
  5 quokkas
  3 bat simulacra (Ossuary)
  3 frilled lizards
  7 gnoll zombies (Ossuary)
  A goblin simulacrum (Ossuary)
  2 goblin zombies (Ossuary)
  8 hobgoblin zombies (Ossuary)
  3 kobold simulacra (Ossuary)
  4 kobold zombies (Ossuary)
  2 leopard gecko zombies (D:6)
  4 orc zombies (Ossuary)
  6 rats
  3 rat simulacra (Ossuary)
  4 spectral goblins (Ossuary)
  4 spectral kobolds (Ossuary)
  4 spectral rats (Ossuary)
336 creatures vanquished.

Vanquished Creatures (others)
  2 hydras
  2 skeletal warriors
  2 lindwurms (D:12)
  A wraith (D:12)
7 creatures vanquished.

Grand Total: 343 creatures vanquished

Notes
Turn   | Place    | Note
-------+----------+-------------------------------------------
     0 | Abyss:1  | Gargoyl the Centaur Abyssal Knight began the quest for the
                  | Orb.
     0 | Abyss:1  | Reached XP level 1. HP: 19/19 MP: 2/2
     6 | Abyss:1  | Found a roughly hewn altar of Beogh.
    49 | Abyss:1  | Noticed a small abomination
   132 | Abyss:1  | Noticed a large abomination
   135 | D:1      | Escaped the Abyss
   294 | D:1      | Reached * piety under Lugonu
   418 | D:1      | Reached XP level 2. HP: 18/26 MP: 3/3
   911 | D:1      | Reached skill level 1 in Dodging
  1381 | D:2      | Reached XP level 3. HP: 25/31 MP: 4/4
  1551 | D:2      | Reached ** piety under Lugonu
  2049 | D:3      | Found a runed translucent door.
  2049 | D:3      | Noticed Crazy Yiuf
  2289 | D:2      | Reached XP level 4. HP: 35/38 MP: 4/6
  2430 | D:3      | Noticed Natasha
  2438 | D:3      | Killed Natasha
  2438 | D:3      | Reached XP level 5. HP: 41/45 MP: 7/7
  2578 | D:3      | Noticed Natasha
  2586 | D:3      | Killed Natasha
  2682 | D:3      | Noticed Natasha
  2689 | D:3      | Killed Natasha
  2689 | D:3      | Reached XP level 6. HP: 28/52 MP: 8/8
  3084 | D:3      | Found a glowing silver altar of Zin.
  3260 | D:3      | Killed Crazy Yiuf
  3914 | D:5      | Entered Level 5 of the Dungeon
  3942 | D:5      | Reached XP level 7. HP: 59/59 MP: 9/9
  4604 | D:5      | Reached *** piety under Lugonu
  4830 | D:5      | Noticed Eustachio
  4844 | D:5      | Killed Eustachio
  4844 | D:5      | Reached XP level 8. HP: 30/67 MP: 11/11
  5164 | D:5      | Found an opulent altar of Gozag.
  5165 | D:5      | Found a basalt altar of Yredelemnul.
  5165 | D:5      | Found a blossoming altar of Fedhas.
  5165 | D:5      | Found a deep blue altar of Sif Muna.
  5165 | D:5      | Found a burning altar of Makhleb.
  5167 | D:5      | Found a shadowy altar of Dithmenos.
  5217 | D:5      | Found a snail-covered altar of Cheibriados.
  5279 | D:5      | Found a staircase to the Ecumenical Temple.
  5324 | D:5      | Reached skill level 5 in Axes
  5459 | D:6      | Noticed Grinder
  5892 | D:6      | Noticed Duvessa
  5892 | D:6      | Noticed Dowan
  6260 | D:6      | Paralysed by Grinder for 4 turns
  6273 | D:6      | Killed Grinder
  6273 | D:6      | Reached skill level 5 in Invocations
  6327 | D:6      | Killed Dowan
  6327 | D:6      | Reached skill level 5 in Armour
  6535 | D:6      | Killed Duvessa
  6535 | D:6      | Reached skill level 5 in Fighting
  6535 | D:6      | Reached XP level 9. HP: 65/74 MP: 12/12
  6666 | D:7      | Noticed Menkaure
  6672 | D:7      | Killed Menkaure
  6801 | D:7      | Found a huge runed translucent gate.
  6801 | D:7      | Found a huge runed translucent gate.
  6801 | D:7      | Found a huge runed translucent gate.
  6801 | D:7      | Found a huge runed translucent gate.
  6801 | D:7      | Noticed a polar bear
  6801 | D:7      | Noticed a polar bear
  6801 | D:7      | Noticed a polar bear
  6977 | D:7      | Noticed Prince Ribbit
  7082 | D:7      | Noticed a polar bear
  7107 | D:7      | Killed Prince Ribbit
  7429 | D:7      | Reached skill level 1 in Throwing
  8280 | D:8      | Found Coxkaock's Jewellery Boutique.
  8288 | D:8      | Bought the ring "Maloon" {rElec Str+2} for 301 gold pieces
  8400 | D:8      | Reached XP level 10. HP: 77/83 MP: 14/14
  8454 | D:8      | Reached **** piety under Lugonu
  8460 | D:8      | Found a sacrificial altar of Ru.
  8712 | D:8      | Found a sand-covered staircase.
  8721 | Ossuary  | Entered an ossuary
  8874 | Ossuary  | Reached ***** piety under Lugonu
  9220 | D:8      | Found an ornate altar of the Wu Jian Council.
  9494 | D:8      | Noticed a gargoyle
  9503 | D:8      | Killed a gargoyle
  9993 | D:9      | Found a staircase to the Lair.
 11619 | D:10     | Entered Level 10 of the Dungeon
 11801 | D:10     | Found a blossoming altar of Fedhas.
 11985 | D:10     | Reached skill level 1 in Bows
 12281 | D:11     | Noticed a white ugly thing
 12290 | D:11     | Killed a white ugly thing
 12290 | D:11     | Reached XP level 11. HP: 53/91 MP: 16/16
 12514 | D:11     | Found Joebai's General Store.
 12574 | D:11     | Found a staircase to the Orcish Mines.
 12772 | D:11     | Reached skill level 5 in Dodging
 12785 | D:11     | Noticed a six-headed hydra
 13005 | D:11     | Banished a six-headed hydra
 13618 | D:11     | Noticed a red ugly thing
 13636 | D:11     | Killed a red ugly thing
 14890 | D:12     | Reached skill level 5 in Bows
 15301 | D:12     | Noticed a two-headed ogre
 15309 | D:12     | Killed a two-headed ogre
 15843 | D:12     | Noticed a lindwurm
 15843 | D:12     | Noticed a lindwurm
 15846 | D:12     | Noticed a lindwurm
 15849 | D:12     | Noticed a lindwurm
 15854 | D:12     | Killed a lindwurm
 17202 | D:12     | Killed a lindwurm
 17307 | D:12     | Banished a lindwurm
 17308 | D:12     | Banished a lindwurm
 17822 | D:13     | Noticed a skeletal warrior
 17831 | D:13     | Noticed a skeletal warrior
 17834 | D:13     | Noticed a skeletal warrior
 17838 | D:13     | Noticed a skeletal warrior
 17865 | D:12     | Reached XP level 12. HP: 24/100 MP: 13/18
 18777 | D:13     | Noticed a four-headed hydra
 18786 | D:13     | Banished a five-headed hydra
 19083 | D:13     | Noticed a death knight
 19095 | D:13     | Slain by a death knight

Skill      XL: |  1  2  3  4  5  6  7  8  9 10 11 12 |
---------------+-------------------------------------+-----
Dodging        | 1 2 3 4 5 |  5.8
Axes           | 2 3 4 5 7 8 9 |  9.3
Armour         | 2 3 5 6 7 8 |  8.9
Invocations    | 3 4 5 6 7 8 9 |  9.4
Fighting       | 4 5 6 7 |  7.3
Throwing       | 1 2 |  2.6
Bows           | 2 5 |  5.2
Evocations     | |  0.6

Action                   |  1- 3 |  4- 6 |  7- 9 | 10-12 || total
-------------------------+-------+-------+-------+-------++-------
Melee: Hand axe          |   104 |    68 |   215 |   494 ||   881
       Kick              |    14 |    17 |    59 |   159 ||   249
       Unarmed           |       |       |    15 |    14 ||    29
       Shortbow          |       |       |       |     1 ||     1
 Fire: Shortbow          |       |       |       |   129 ||   129
Throw: Javelin           |       |       |    16 |    12 ||    28
Invok: Depart the Abyss  |     1 |       |       |       ||     1
       Banish            |       |       |       |    11 ||    11
Evoke: Wand              |       |       |       |    10 ||    10
  Use: Scroll            |     8 |       |     8 |    11 ||    27
       Potion            |       |       |       |     4 ||     4
  Eat: Chunk             |     3 |     3 |     3 |    19 ||    28
       Ration            |       |       |     3 |     5 ||     8
Armor: Leather armour    |    65 |    11 |       |       ||    76
       Chain mail        |       |    13 |    99 |       ||   112
       Skin              |       |       |     5 |     3 ||     8
       Scale mail        |       |       |    41 |   258 ||   299
Dodge: Dodged            |    54 |    22 |    81 |   223 ||   380
